 Dungeon Sprint DCSS version 0.30-a0-949-g53dc5368d7 (webtiles) character file.

Game seed: 4142411636503753577

170 retardedninja the Cleaver (level 5, -11/51 HPs)
             Began as a Hill Orc Fighter on Mar 27, 2023.
             Was an Initiate of Beogh.
             Mangled by a two-headed ogre
             ... wielding a +0 giant club
              (12 damage)
             ... in the Dungeon (Sprint IX: "|||||||||||||||||||||||||||||").
             The game lasted 00:01:10 (361 turns).

retardedninja the Cleaver (Hill Orc Fighter)         Turns: 361, Time: 00:01:11

Health: -11/51     AC: 12    Str: 21    XL:     5   Next: 51%
Magic:  5/5        EV: 10    Int:  8    God:    Beogh [......]
Gold:   0          SH:  5    Dex: 13    Spells: 4/4 levels left

rFire   . . .      SeeInvis .    n - +1 broad axe (heavy)
rCold   . . .      Faith    .    c - +0 buckler
rNeg    . . .      Spirit   .    r - +2 ring mail
rPois   .          Reflect  .    (no helmet)
rElec   .          Rampage  .    o - +0 cloak
rCorr   .          NoTele   +    a - +0 pair of gloves
Will    .....                    (no boots)
Stlth   +                        (no amulet)
HPRegen 0.28/turn                p - +2 ring of protection
MPRegen 0.09/turn                q - +3 ring of dexterity

@: lethally poisoned (-11 -> -13), invisible
A: no striking features
a: Renounce Religion


You were in the Dungeon.
You worshipped Beogh.
Beogh was noncommittal.
You visited 1 branch

Inventory:

Hand Weapons
 n - a +1 heavy broad axe (weapon)
Armour
 a - a +0 pair of gloves (worn)
 c - a +0 buckler (worn)
 o - a +0 cloak (worn)
 r - a +2 ring mail (worn)
Jewellery
 p - a +2 ring of protection (left hand)
 q - a +3 ring of dexterity (right hand)
Wands
 m - a wand of quicksilver (10)
Scrolls
 j - 2 scrolls of blinking
 l - 2 scrolls of amnesia
Potions
 d - a potion of might
 e - 5 potions of curing
 f - 3 potions of heal wounds
 g - a potion of haste
 h - 4 potions of magic
 i - a potion of berserk rage


   Skills:
 + Level 6.8 Fighting
 * Level 9.3 Axes
 + Level 6.2 Armour
 + Level 6.2 Shields


You had 4 spell levels left.
You didn't know any spells.
Your spell library was empty.

Dungeon Overview and Level Annotations

Branches:
Dungeon (1/1)

Altars:
Cheibriados
Dithmenos
Elyvilon
Fedhas
Gozag
Hepliaklqana
Kikubaaqudgha
Makhleb
Nemelex Xobeh
Okawaru
Qazlal
Ru
Sif Muna
Trog
Uskayaw
Vehumet
Wu Jian
Xom
Yredelemnul
Zin
The Shining One
Beogh
Jiyva
Lugonu


Message History

q - a +3 ring of dexterity (right hand)
You open the door. 2 killer bees, a centaur, an orc warrior and 2 two-headed ogres come into view.
The killer bee buzzes angrily. x2; The orc warrior shouts!
The two-headed ogre shouts in stereo! x2
The killer bee stings you but does no damage.
You closely miss the killer bee. The killer bee stings you.
The killer bee closely misses you.
The killer bee stings you but does no damage.
The killer bee stings you.
You are poisoned.
The killer bee poisons you!
Unknown command.
You fade into invisibility!
You feel sick. The killer bee barely misses you.
The centaur wields a +0 shortbow.
The centaur shoots an arrow.
The arrow misses the killer bee.
The arrow hits the killer bee.
The killer bee closely misses you.
Unknown command.
Unknown command.
You strike the helpless killer bee from behind!
You slash the killer bee!
You kill the killer bee!
Beogh accepts your kill.
You feel very sick.
Your Axes skill increases to level 9!
Your Armour skill increases to level 6!
Your Shields skill increases to level 6!
You feel sick.
The centaur shoots an arrow.
The arrow barely misses the two-headed ogre.
The arrow completely misses the killer bee.
The arrow hits you.
There is an open door to the Dungeon here.
You see here a killer bee corpse.
Unknown command.
You barely miss the two-headed ogre.
You feel sick.
The two-headed ogre hits you with a +0 giant club!!
Ouch! That really hurt!
* * * LOW HITPOINT WARNING * * *
The two-headed ogre hits you with a +0 giant club!
You die...

▓.▓
▓)▓
▓.▓
▓.▓
▓.▓
▓[▓
▓.▓
▓.▓
▓@▓
▓O▓
▓y▓
▓O▓
▓c▓
▓o▓
▓.▓
▓+▓


You could see 2 two-headed ogres, an orc warrior (unable to see you), a centaur
(unable to see you) and a killer bee (unable to see you).

Vanquished Creatures
  A scorpion (D)
  A killer bee (D)
  A howler monkey (D)
  A hound (D)
  A white imp (D)
  A bat (D)
  An endoplasm (D)
  2 hobgoblins (D)
  A jackal (D)
  A kobold (D)
11 creatures vanquished.

Notes
Turn   | Place    | Note
-------+----------+-------------------------------------------
     0 | D        | retardedninja the Hill Orc Fighter began the quest for the
                  | Orb.
     0 | D        | Reached XP level 1. HP: 19/19 MP: 1/1
     5 | D        | Reached skill level 3 in Axes
    20 | D        | Reached skill level 4 in Axes
    38 | D        | Noticed a hound
    38 | D        | Noticed a howler monkey
    38 | D        | Noticed a scorpion
    40 | D        | Killed a hound
    41 | D        | Reached skill level 5 in Fighting
    41 | D        | Reached skill level 5 in Axes
    41 | D        | Reached XP level 2. HP: 29/29 MP: 2/2
    41 | D        | Reached XP level 3. HP: 36/36 MP: 3/3
    49 | D        | Reached skill level 7 in Axes
    49 | D        | Reached skill level 5 in Armour
    49 | D        | Reached skill level 5 in Shields
    49 | D        | Reached XP level 4. HP: 39/42 MP: 4/4
    52 | D        | Killed a scorpion
    53 | D        | Reached skill level 8 in Axes
    53 | D        | Reached XP level 5. HP: 40/51 MP: 5/5
   278 | D        | Found a roughly hewn altar of Beogh.
   278 | D        | Found a snail-covered altar of Cheibriados.
   278 | D        | Found a shadowy altar of Dithmenos.
   278 | D        | Found a white marble altar of Elyvilon.
   278 | D        | Found a blossoming altar of Fedhas.
   278 | D        | Found an opulent altar of Gozag.
   279 | D        | Found a hazy altar of Hepliaklqana.
   280 | D        | Found a viscous altar of Jiyva.
   281 | D        | Became a worshipper of Beogh the Brigand
   282 | D        | Found an ancient bone altar of Kikubaaqudgha.
   283 | D        | Found a corrupted altar of Lugonu.
   284 | D        | Found a burning altar of Makhleb.
   285 | D        | Found a sparkling altar of Nemelex Xobeh.
   286 | D        | Found an iron altar of Okawaru.
   287 | D        | Found a stormy altar of Qazlal.
   288 | D        | Found a sacrificial altar of Ru.
   289 | D        | Found a shimmering blue altar of Sif Muna.
   290 | D        | Found a bloodstained altar of Trog.
   291 | D        | Found a hide-covered altar of Uskayaw.
   292 | D        | Found a radiant altar of Vehumet.
   293 | D        | Found an ornate altar of the Wu Jian Council.
   294 | D        | Found a shimmering altar of Xom.
   295 | D        | Found a basalt altar of Yredelemnul.
   296 | D        | Found a glowing silver altar of Zin.
   297 | D        | Found a glowing golden altar of the Shining One.
   356 | D        | Noticed a centaur
   356 | D        | Noticed an orc warrior
   356 | D        | Noticed a two-headed ogre
   356 | D        | Noticed a two-headed ogre
   360 | D        | Reached skill level 9 in Axes
   361 | D        | HP: 1/51 [two-headed ogre/+0 giant club (32)]
   361 | D        | Mangled by a two-headed ogre

Illustrated notes

Levels and vault maps discovered:
D:        linesprint [early_d, line_temple, items_1, d_10, items_2, lair_1,
          lair_end, items_3, orc_1, orc_end, items_4, d_15, swamp_1, shoals_1,
          snake_1, spider_1, d_20, vaults_1, items_5, swamp_end, shoals_end,
          snake_end, spider_end, vaults_end, d_27, items_6, zot_1, zot_end,
          crypt_end, forest_end, elf_end, slime_end, tomb_end, abyss_end,
          pan_hell_end]

Skill      XL: |  1  2  3  4  5 |
---------------+----------------+-----
Axes           | 5 7 8 9 |  9.3
Fighting       | 5 6 |  6.8
Armour         | 4 5 6 |  6.2
Shields        | 4 5 6 |  6.2

Action                     |  1- 3 |  4- 6 || total
---------------------------+-------+-------++-------
  Melee: War axe           |    26 |     5 ||    31
         Broad axe         |       |     3 ||     3
    Use: Potion            |       |     1 ||     1
   Stab: Invisible         |       |     1 ||     1
 Armour: Scale mail        |     6 |     1 ||     7
         Ring mail         |       |     2 ||     2
  Dodge: Dodged            |    10 |     6 ||    16
  Block: Buckler           |     9 |       ||     9

Table legend: (Time is in decaauts)
 A = Elapsed time spent in this place.
 B = Non-inter-level travel time spent in this place.
 C = Inter-level travel time spent in this place.
 D = Time resting spent in this place.
 E = Time spent auto-exploring this place.
 F = Levels seen in this place.
 G = Mean time per level.
                   A        B        C        D        E       F      G
               +--------+--------+--------+--------+--------+-----+--------+
         Total |    370 |    370 |      0 |    227 |      0 |   1 |  370.0 |
       Dungeon |    370 |    370 |      0 |    227 |      0 |   1 |  370.0 |
               +--------+--------+--------+--------+--------+-----+--------+

Top non-repeatable levels by time:
       D: 370 daAuts
